Workbook

Sheet Приложение №4
J1: Приложение 2
H2: к Решению Собрания представителей муниципального района Кинельский "О бюджете муниципального района Кинельский на 2026 год и на плановый период 2027 и 2028 годов"
B4: Ведомственная структура расходов бюджета муниципального района Кинельский на 2026 год.
B6: Код глав-ного рас-поря-дителя бюджетных средств | C6: Наименование главного распорядителя средств бюджета, раздела, подраздела, целевой статьи, вида расходов классификации расходов бюджета | D6: Рз | E6: ПР | F6: ЦСР | G6: ВР | H6: Сумма, тыс. рублей | J6: Уточненная сумма, тыс. рублей
H10: Всего | I10: в том числе за счет целевых средств вышестоящих бюджетов | J10: Всего | K10: в том числе за счет целевых средств вышестоящих бюджетов
A14: 0 | B14: 920 | C14: Управление финансами администрации муниципального района Кинельский Самарской области | H14: =SUMIFS(H15:H1054,$B15:$B1054,$B15)/3 -> 91718.1 | I14: =SUMIFS(I15:I1054,$B15:$B1054,$B15)/3 -> 2091 | J14: =SUMIFS(J15:J1054,$B15:$B1054,$B15)/3 -> 91718.1 | K14: =SUMIFS(K15:K1054,$B15:$B1054,$B15)/3 -> 2091
A15: 1 | B15: 920 | C15: Обеспечение деятельности финансовых, налоговых и таможенных органов и органов финансового (финансово-бюджетного) надзора | D15: 01 | E15: 06 | H15: =SUMIFS(H16:H1049,$B16:$B1049,$B16,$D16:$D1049,$D16,$E16:$E1049,$E16)/2 -> 21974.5 | I15: =SUMIFS(I16:I1049,$B16:$B1049,$B16,$D16:$D1049,$D16,$E16:$E1049,$E16)/2 -> 0 | J15: =SUMIFS(J16:J1049,$B16:$B1049,$B16,$D16:$D1049,$D16,$E16:$E1049,$E16)/2 -> 21974.5 | K15: =SUMIFS(K16:K1049,$B16:$B1049,$B16,$D16:$D1049,$D16,$E16:$E1049,$E16)/2 -> 0
A16: 2 | B16: 920 | C16: МП "Развитие и улучшение материально-технического оснащения муниципальных учреждений муниципального района Кинельский" на 2024-2028 годы. | D16: 01 | E16: 06 | F16: 11 0 00 00000 | H16: =SUMIFS(H17:H1049,$B17:$B1049,$B16,$D17:$D1049,$D17,$E17:$E1049,$E17,$F17:$F1049,$F17) -> 70 | I16: =SUMIFS(I17:I1049,$B17:$B1049,$B16,$D17:$D1049,$D17,$E17:$E1049,$E17,$F17:$F1049,$F17) -> 0 | J16: =SUMIFS(J17:J1049,$B17:$B1049,$B16,$D17:$D1049,$D17,$E17:$E1049,$E17,$F17:$F1049,$F17) -> 70 | K16: =SUMIFS(K17:K1049,$B17:$B1049,$B16,$D17:$D1049,$D17,$E17:$E1049,$E17,$F17:$F1049,$F17) -> 0
A17: 3 | B17: 920 | C17: Иные закупки товаров, работ и услуг для обеспечения государственных (муниципальных) нужд | D17: 01 | E17: 06 | F17: 11 0 00 00000 | G17: 240 | H17: 70 | J17: 70
A18: 2 | B18: 920 | C18: МП "Развитие муниципальной службы в органах местного самоуправления муниципального района Кинельский Самарской области" на 2022-2028 г | D18: 01 | E18: 06 | F18: 16 0 00 00000 | H18: =SUMIFS(H19:H1051,$B19:$B1051,$B18,$D19:$D1051,$D19,$E19:$E1051,$E19,$F19:$F1051,$F19) -> 31.5 | I18: =SUMIFS(I19:I1051,$B19:$B1051,$B18,$D19:$D1051,$D19,$E19:$E1051,$E19,$F19:$F1051,$F19) -> 0 | J18: =SUMIFS(J19:J1051,$B19:$B1051,$B18,$D19:$D1051,$D19,$E19:$E1051,$E19,$F19:$F1051,$F19) -> 31.5 | K18: =SUMIFS(K19:K1051,$B19:$B1051,$B18,$D19:$D1051,$D19,$E19:$E1051,$E19,$F19:$F1051,$F19) -> 0
A19: 3 | B19: 920 | C19: Иные закупки товаров, работ и услуг для обеспечения государственных (муниципальных) нужд | D19: 01 | E19: 06 | F19: 16 0 00 00000 | G19: 240 | H19: 31.5 | J19: 31.5
A20: 2 | B20: 920 | C20: Непрограммные направления расходов в сфере установленных функций органов государственной власти субъектов Российской Федерации и органов местного самоуправления | D20: 01 | E20: 06 | F20: 51 0 00 00000 | H20: =SUMIFS(H21:H1053,$B21:$B1053,$B20,$D21:$D1053,$D21,$E21:$E1053,$E21,$F21:$F1053,$F21) -> 21873 | I20: =SUMIFS(I21:I1053,$B21:$B1053,$B20,$D21:$D1053,$D21,$E21:$E1053,$E21,$F21:$F1053,$F21) -> 0 | J20: =SUMIFS(J21:J1053,$B21:$B1053,$B20,$D21:$D1053,$D21,$E21:$E1053,$E21,$F21:$F1053,$F21) -> 21873 | K20: =SUMIFS(K21:K1053,$B21:$B1053,$B20,$D21:$D1053,$D21,$E21:$E1053,$E21,$F21:$F1053,$F21) -> 0
A21: 3 | B21: 920 | C21: Расходы на выплаты персоналу государственных (муниципальных) органов | D21: 01 | E21: 06 | F21: 51 0 00 00000 | G21: 120 | H21: 21498.6 | J21: 21498.6
A22: 3 | B22: 920 | C22: Иные закупки товаров, работ и услуг для обеспечения государственных (муниципальных) нужд | D22: 01 | E22: 06 | F22: 51 0 00 00000 | G22: 240 | H22: 374.4 | J22: 374.4
A23: 3 | B23: 920 | C23: Уплата налогов, сборов и иных платежей | D23: 01 | E23: 06 | F23: 51 0 00 00000 | G23: 850
A24: 1 | B24: 920 | C24: Другие общегосударственные вопросы | D24: 01 | E24: 13 | H24: =SUMIFS(H25:H1058,$B25:$B1058,$B25,$D25:$D1058,$D25,$E25:$E1058,$E25)/2 -> 0 | I24: =SUMIFS(I25:I1058,$B25:$B1058,$B25,$D25:$D1058,$D25,$E25:$E1058,$E25)/2 -> 0 | J24: =SUMIFS(J25:J1058,$B25:$B1058,$B25,$D25:$D1058,$D25,$E25:$E1058,$E25)/2 -> 0 | K24: =SUMIFS(K25:K1058,$B25:$B1058,$B25,$D25:$D1058,$D25,$E25:$E1058,$E25)/2 -> 0
A25: 2 | B25: 920 | C25: Непрограммные направления расходов местного бюджета в области общегосударственных вопросов | D25: 01 | E25: 13 | F25: 57 0 00 00000 | H25: =SUMIFS(H26:H1058,$B26:$B1058,$B25,$D26:$D1058,$D26,$E26:$E1058,$E26,$F26:$F1058,$F26) -> 0 | I25: =SUMIFS(I26:I1058,$B26:$B1058,$B25,$D26:$D1058,$D26,$E26:$E1058,$E26,$F26:$F1058,$F26) -> 0 | J25: =SUMIFS(J26:J1058,$B26:$B1058,$B25,$D26:$D1058,$D26,$E26:$E1058,$E26,$F26:$F1058,$F26) -> 0 | K25: =SUMIFS(K26:K1058,$B26:$B1058,$B25,$D26:$D1058,$D26,$E26:$E1058,$E26,$F26:$F1058,$F26) -> 0
A26: 3 | B26: 920 | C26: Исполнение судебных актов | D26: 01 | E26: 13 | F26: 57 0 00 00000 | G26: 830
A27: 1 | B27: 920 | C27: Обслуживание государственного (муниципального) внутреннего долга | D27: 13 | E27: 01 | H27: =SUMIFS(H28:H1061,$B28:$B1061,$B28,$D28:$D1061,$D28,$E28:$E1061,$E28)/2 -> 1050 | I27: =SUMIFS(I28:I1061,$B28:$B1061,$B28,$D28:$D1061,$D28,$E28:$E1061,$E28)/2 -> 0 | J27: =SUMIFS(J28:J1061,$B28:$B1061,$B28,$D28:$D1061,$D28,$E28:$E1061,$E28)/2 -> 1050 | K27: =SUMIFS(K28:K1061,$B28:$B1061,$B28,$D28:$D1061,$D28,$E28:$E1061,$E28)/2 -> 0
A28: 2 | B28: 920 | C28: Непрограммные направления расходов местного бюджета в сфере обслуживания внутреннего государственного и муниципального долга | D28: 13 | E28: 01 | F28: 56 0 00 00000 | H28: =SUMIFS(H29:H1061,$B29:$B1061,$B28,$D29:$D1061,$D29,$E29:$E1061,$E29,$F29:$F1061,$F29) -> 1050 | I28: =SUMIFS(I29:I1061,$B29:$B1061,$B28,$D29:$D1061,$D29,$E29:$E1061,$E29,$F29:$F1061,$F29) -> 0 | J28: =SUMIFS(J29:J1061,$B29:$B1061,$B28,$D29:$D1061,$D29,$E29:$E1061,$E29,$F29:$F1061,$F29) -> 1050 | K28: =SUMIFS(K29:K1061,$B29:$B1061,$B28,$D29:$D1061,$D29,$E29:$E1061,$E29,$F29:$F1061,$F29) -> 0
A29: 3 | B29: 920 | C29: Обслуживание муниципального долга | D29: 13 | E29: 01 | F29: 56 0 00 00000 | G29: 730 | H29: 1050 | J29: 1050
A30: 1 | B30: 920 | C30: Дотации на выравнивание бюджетной обеспеченности субъектов Российской Федерации и муниципальных образований | D30: 14 | E30: 01 | H30: =SUMIFS(H31:H1064,$B31:$B1064,$B31,$D31:$D1064,$D31,$E31:$E1064,$E31)/2 -> 21900 | I30: =SUMIFS(I31:I1064,$B31:$B1064,$B31,$D31:$D1064,$D31,$E31:$E1064,$E31)/2 -> 2091 | J30: =SUMIFS(J31:J1064,$B31:$B1064,$B31,$D31:$D1064,$D31,$E31:$E1064,$E31)/2 -> 21900 | K30: =SUMIFS(K31:K1064,$B31:$B1064,$B31,$D31:$D1064,$D31,$E31:$E1064,$E31)/2 -> 2091
A31: 2 | B31: 920 | C31: Непрограммные направления расходов в области межбюджетных трансфертов | D31: 14 | E31: 01 | F31: 54 0 00 00000 | H31: =SUMIFS(H32:H1064,$B32:$B1064,$B31,$D32:$D1064,$D32,$E32:$E1064,$E32,$F32:$F1064,$F32) -> 21900 | I31: =SUMIFS(I32:I1064,$B32:$B1064,$B31,$D32:$D1064,$D32,$E32:$E1064,$E32,$F32:$F1064,$F32) -> 2091 | J31: =SUMIFS(J32:J1064,$B32:$B1064,$B31,$D32:$D1064,$D32,$E32:$E1064,$E32,$F32:$F1064,$F32) -> 21900 | K31: =SUMIFS(K32:K1064,$B32:$B1064,$B31,$D32:$D1064,$D32,$E32:$E1064,$E32,$F32:$F1064,$F32) -> 2091
A32: 3 | B32: 920 | C32: Дотации | D32: 14 | E32: 01 | F32: 54 0 00 00000 | G32: 510 | H32: 21900 | I32: 2091 | J32: 21900 | K32: 2091
A33: 1 | B33: 920 | C33: Прочие межбюджетные трансферты общего характера | D33: 14 | E33: 03 | H33: =SUMIFS(H34:H1067,$B34:$B1067,$B34,$D34:$D1067,$D34,$E34:$E1067,$E34)/2 -> 46793.6 | I33: =SUMIFS(I34:I1067,$B34:$B1067,$B34,$D34:$D1067,$D34,$E34:$E1067,$E34)/2 -> 0 | J33: =SUMIFS(J34:J1067,$B34:$B1067,$B34,$D34:$D1067,$D34,$E34:$E1067,$E34)/2 -> 46793.6 | K33: =SUMIFS(K34:K1067,$B34:$B1067,$B34,$D34:$D1067,$D34,$E34:$E1067,$E34)/2 -> 0
A34: 2 | B34: 920 | C34: МП " Охрана окружающей среды на территории муниципального района Кинельский Самарской области на 2022 - 2028 годы" | D34: 14 | E34: 03 | F34: 09 0 00 00000 | H34: =SUMIFS(H35:H1067,$B35:$B1067,$B34,$D35:$D1067,$D35,$E35:$E1067,$E35,$F35:$F1067,$F35) -> 4075.3 | I34: =SUMIFS(I35:I1067,$B35:$B1067,$B34,$D35:$D1067,$D35,$E35:$E1067,$E35,$F35:$F1067,$F35) -> 0 | J34: =SUMIFS(J35:J1067,$B35:$B1067,$B34,$D35:$D1067,$D35,$E35:$E1067,$E35,$F35:$F1067,$F35) -> 4075.3 | K34: =SUMIFS(K35:K1067,$B35:$B1067,$B34,$D35:$D1067,$D35,$E35:$E1067,$E35,$F35:$F1067,$F35) -> 0
A35: 3 | B35: 920 | C35: Иные межбюджетные трансферты | D35: 14 | E35: 03 | F35: 09 0 00 00000 | G35: 540 | H35: 4075.3 | J35: 4075.3
A36: 2 | B36: 920 | C36: Непрограммные направления расходов в области межбюджетных трансфертов | D36: 14 | E36: 03 | F36: 54 0 00 00000 | H36: =SUMIFS(H37:H1069,$B37:$B1069,$B36,$D37:$D1069,$D37,$E37:$E1069,$E37,$F37:$F1069,$F37) -> 42718.3 | I36: =SUMIFS(I37:I1069,$B37:$B1069,$B36,$D37:$D1069,$D37,$E37:$E1069,$E37,$F37:$F1069,$F37) -> 0 | J36: =SUMIFS(J37:J1069,$B37:$B1069,$B36,$D37:$D1069,$D37,$E37:$E1069,$E37,$F37:$F1069,$F37) -> 42718.3 | K36: =SUMIFS(K37:K1069,$B37:$B1069,$B36,$D37:$D1069,$D37,$E37:$E1069,$E37,$F37:$F1069,$F37) -> 0
A37: 3 | B37: 920 | C37: Иные межбюджетные трансферты | D37: 14 | E37: 03 | F37: 54 0 00 00000 | G37: 540 | H37: 42718.3 | J37: 42718.3
A38: 0 | B38: 933 | C38: Собрание представителей муниципального района Кинельский Самарской области | H38: =SUMIFS(H39:H1078,$B39:$B1078,$B39)/3 -> 926.8 | I38: =SUMIFS(I39:I1078,$B39:$B1078,$B39)/3 -> 0 | J38: =SUMIFS(J39:J1078,$B39:$B1078,$B39)/3 -> 926.8 | K38: =SUMIFS(K39:K1078,$B39:$B1078,$B39)/3 -> 0
A39: 1 | B39: 933 | C39: Функционирование законодательных (представительных) органов государственной власти и представительных органов муниципальных образований | D39: 01 | E39: 03 | H39: =SUMIFS(H40:H1073,$B40:$B1073,$B40,$D40:$D1073,$D40,$E40:$E1073,$E40)/2 -> 926.8 | I39: =SUMIFS(I40:I1073,$B40:$B1073,$B40,$D40:$D1073,$D40,$E40:$E1073,$E40)/2 -> 0 | J39: =SUMIFS(J40:J1073,$B40:$B1073,$B40,$D40:$D1073,$D40,$E40:$E1073,$E40)/2 -> 926.8 | K39: =SUMIFS(K40:K1073,$B40:$B1073,$B40,$D40:$D1073,$D40,$E40:$E1073,$E40)/2 -> 0
A40: 2 | B40: 933 | C40: Непрограммные направления расходов в сфере установленных функций органов государственной власти субъектов Российской Федерации и органов местного самоуправления | D40: 01 | E40: 03 | F40: 51 0 00 00000 | H40: =SUMIFS(H41:H1073,$B41:$B1073,$B40,$D41:$D1073,$D41,$E41:$E1073,$E41,$F41:$F1073,$F41) -> 926.8 | I40: =SUMIFS(I41:I1073,$B41:$B1073,$B40,$D41:$D1073,$D41,$E41:$E1073,$E41,$F41:$F1073,$F41) -> 0 | J40: =SUMIFS(J41:J1073,$B41:$B1073,$B40,$D41:$D1073,$D41,$E41:$E1073,$E41,$F41:$F1073,$F41) -> 926.8 | K40: =SUMIFS(K41:K1073,$B41:$B1073,$B40,$D41:$D1073,$D41,$E41:$E1073,$E41,$F41:$F1073,$F41) -> 0
A41: 3 | B41: 933 | C41: Расходы на выплаты персоналу государственных (муниципальных) органов | D41: 01 | E41: 03 | F41: 51 0 00 00000 | G41: 120 | H41: 698.3 | J41: 698.3
A42: 3 | B42: 933 | C42: Иные закупки товаров, работ и услуг для обеспечения государственных (муниципальных) нужд | D42: 01 | E42: 03 | F42: 51 0 00 00000 | G42: 240 | H42: 228.5 | J42: 228.5
A43: 0 | B43: 934 | C43: Контрольно-счётная палата муниципального района Кинельский Самарской области | H43: =SUMIFS(H44:H1085,$B44:$B1085,$B44)/3 -> 3305.7 | I43: =SUMIFS(I44:I1085,$B44:$B1085,$B44)/3 -> 0 | J43: =SUMIFS(J44:J1085,$B44:$B1085,$B44)/3 -> 3305.7 | K43: =SUMIFS(K44:K1085,$B44:$B1085,$B44)/3 -> 0
A44: 1 | B44: 934 | C44: Обеспечение деятельности финансовых, налоговых и таможенных органов и органов финансового (финансово-бюджетного) надзора | D44: 01 | E44: 06 | H44: =SUMIFS(H45:H1078,$B45:$B1078,$B45,$D45:$D1078,$D45,$E45:$E1078,$E45)/2 -> 3305.7 | I44: =SUMIFS(I45:I1078,$B45:$B1078,$B45,$D45:$D1078,$D45,$E45:$E1078,$E45)/2 -> 0 | J44: =SUMIFS(J45:J1078,$B45:$B1078,$B45,$D45:$D1078,$D45,$E45:$E1078,$E45)/2 -> 3305.7 | K44: =SUMIFS(K45:K1078,$B45:$B1078,$B45,$D45:$D1078,$D45,$E45:$E1078,$E45)/2 -> 0
A45: 2 | B45: 934 | C45: МП "Развитие и улучшение материально-технического оснащения муниципальных учреждений муниципального района Кинельский" на 2024-2028 годы. | D45: 01 | E45: 06 | F45: 11 0 00 00000 | H45: =SUMIFS(H46:H1078,$B46:$B1078,$B45,$D46:$D1078,$D46,$E46:$E1078,$E46,$F46:$F1078,$F46) -> 0 | I45: =SUMIFS(I46:I1078,$B46:$B1078,$B45,$D46:$D1078,$D46,$E46:$E1078,$E46,$F46:$F1078,$F46) -> 0 | J45: =SUMIFS(J46:J1078,$B46:$B1078,$B45,$D46:$D1078,$D46,$E46:$E1078,$E46,$F46:$F1078,$F46) -> 0 | K45: =SUMIFS(K46:K1078,$B46:$B1078,$B45,$D46:$D1078,$D46,$E46:$E1078,$E46,$F46:$F1078,$F46) -> 0
A46: 3 | B46: 934 | C46: Иные закупки товаров, работ и услуг для обеспечения государственных (муниципальных) нужд | D46: 01 | E46: 06 | F46: 11 0 00 00000 | G46: 240
A47: 2 | B47: 934 | C47: МП "Развитие муниципальной службы в органах местного самоуправления муниципального района Кинельский Самарской области" на 2022-2028 г | D47: 01 | E47: 06 | F47: 16 0 00 00000 | H47: =SUMIFS(H48:H1080,$B48:$B1080,$B47,$D48:$D1080,$D48,$E48:$E1080,$E48,$F48:$F1080,$F48) -> 4.5 | I47: =SUMIFS(I48:I1080,$B48:$B1080,$B47,$D48:$D1080,$D48,$E48:$E1080,$E48,$F48:$F1080,$F48) -> 0 | J47: =SUMIFS(J48:J1080,$B48:$B1080,$B47,$D48:$D1080,$D48,$E48:$E1080,$E48,$F48:$F1080,$F48) -> 4.5 | K47: =SUMIFS(K48:K1080,$B48:$B1080,$B47,$D48:$D1080,$D48,$E48:$E1080,$E48,$F48:$F1080,$F48) -> 0
A48: 3 | B48: 934 | C48: Иные закупки товаров, работ и услуг для обеспечения государственных (муниципальных) нужд | D48: 01 | E48: 06 | F48: 16 0 00 00000 | G48: 240 | H48: 4.5 | J48: 4.5
A49: 2 | B49: 934 | C49: Непрограммные направления расходов в сфере установленных функций органов государственной власти субъектов Российской Федерации и органов местного самоуправления | D49: 01 | E49: 06 | F49: 51 0 00 00000 | H49: =SUMIFS(H50:H1082,$B50:$B1082,$B49,$D50:$D1082,$D50,$E50:$E1082,$E50,$F50:$F1082,$F50) -> 3301.2 | I49: =SUMIFS(I50:I1082,$B50:$B1082,$B49,$D50:$D1082,$D50,$E50:$E1082,$E50,$F50:$F1082,$F50) -> 0 | J49: =SUMIFS(J50:J1082,$B50:$B1082,$B49,$D50:$D1082,$D50,$E50:$E1082,$E50,$F50:$F1082,$F50) -> 3301.2 | K49: =SUMIFS(K50:K1082,$B50:$B1082,$B49,$D50:$D1082,$D50,$E50:$E1082,$E50,$F50:$F1082,$F50) -> 0
A50: 3 | B50: 934 | C50: Расходы на выплаты персоналу государственных (муниципальных) органов | D50: 01 | E50: 06 | F50: 51 0 00 00000 | G50: 120 | H50: 3208.3 | J50: 3208.3
A51: 3 | B51: 934 | C51: Иные закупки товаров, работ и услуг для обеспечения государственных (муниципальных) нужд | D51: 01 | E51: 06 | F51: 51 0 00 00000 | G51: 240 | H51: 85.7 | J51: 85.7
A52: 3 | B52: 934 | C52: Социальные выплаты гражданам, кроме публичных нормативных социальных выплат | D52: 01 | E52: 06 | F52: 51 0 00 00000 | G52: 320 | H52: 7.2 | J52: 7.2
A53: 0 | B53: 943 | C53: Муниципальное казённое учреждение "Управление по вопросам семьи и демографического развития" муниципального района Кинельский Самарской области | H53: =SUMIFS(H54:H1095,$B54:$B1095,$B54)/3 -> 11861.4 | I53: =SUMIFS(I54:I1095,$B54:$B1095,$B54)/3 -> 11861.4 | J53: =SUMIFS(J54:J1095,$B54:$B1095,$B54)/3 -> 11861.4 | K53: =SUMIFS(K54:K1095,$B54:$B1095,$B54)/3 -> 11861.4
A54: 1 | B54: 943 | C54: Молодежная политика | D54: 07 | E54: 07 | H54: =SUMIFS(H55:H1088,$B55:$B1088,$B55,$D55:$D1088,$D55,$E55:$E1088,$E55)/2 -> 47 | I54: =SUMIFS(I55:I1088,$B55:$B1088,$B55,$D55:$D1088,$D55,$E55:$E1088,$E55)/2 -> 47 | J54: =SUMIFS(J55:J1088,$B55:$B1088,$B55,$D55:$D1088,$D55,$E55:$E1088,$E55)/2 -> 47 | K54: =SUMIFS(K55:K1088,$B55:$B1088,$B55,$D55:$D1088,$D55,$E55:$E1088,$E55)/2 -> 47
A55: 2 | B55: 943 | C55: Непрограммные направления расходов местного бюджета в области образования | D55: 07 | E55: 07 | F55: 62 0 00 00000 | H55: =SUMIFS(H56:H1088,$B56:$B1088,$B55,$D56:$D1088,$D56,$E56:$E1088,$E56,$F56:$F1088,$F56) -> 47 | I55: =SUMIFS(I56:I1088,$B56:$B1088,$B55,$D56:$D1088,$D56,$E56:$E1088,$E56,$F56:$F1088,$F56) -> 47 | J55: =SUMIFS(J56:J1088,$B56:$B1088,$B55,$D56:$D1088,$D56,$E56:$E1088,$E56,$F56:$F1088,$F56) -> 47 | K55: =SUMIFS(K56:K1088,$B56:$B1088,$B55,$D56:$D1088,$D56,$E56:$E1088,$E56,$F56:$F1088,$F56) -> 47
A56: 3 | B56: 943 | C56: Расходы на выплаты персоналу казённых учреждений | D56: 07 | E56: 07 | F56: 62 0 00 00000 | G56: 110 | H56: 47 | I56: 47 | J56: 47 | K56: 47
A57: 1 | B57: 943 | C57: Охрана семьи и детства | D57: 10 | E57: 04 | H57: =SUMIFS(H58:H1091,$B58:$B1091,$B58,$D58:$D1091,$D58,$E58:$E1091,$E58)/2 -> 7139.9 | I57: =SUMIFS(I58:I1091,$B58:$B1091,$B58,$D58:$D1091,$D58,$E58:$E1091,$E58)/2 -> 7139.9 | J57: =SUMIFS(J58:J1091,$B58:$B1091,$B58,$D58:$D1091,$D58,$E58:$E1091,$E58)/2 -> 7139.9 | K57: =SUMIFS(K58:K1091,$B58:$B1091,$B58,$D58:$D1091,$D58,$E58:$E1091,$E58)/2 -> 7139.9
A58: 2 | B58: 943 | C58: МП "Организация деятельности по опеке и попечительству на территории муниципального района Кинельский Самарской области на 2018-2027 годы". | D58: 10 | E58: 04 | F58: 31 0 00 00000 | H58: =SUMIFS(H59:H1091,$B59:$B1091,$B58,$D59:$D1091,$D59,$E59:$E1091,$E59,$F59:$F1091,$F59) -> 7139.9 | I58: =SUMIFS(I59:I1091,$B59:$B1091,$B58,$D59:$D1091,$D59,$E59:$E1091,$E59,$F59:$F1091,$F59) -> 7139.9 | J58: =SUMIFS(J59:J1091,$B59:$B1091,$B58,$D59:$D1091,$D59,$E59:$E1091,$E59,$F59:$F1091,$F59) -> 7139.9 | K58: =SUMIFS(K59:K1091,$B59:$B1091,$B58,$D59:$D1091,$D59,$E59:$E1091,$E59,$F59:$F1091,$F59) -> 7139.9
A59: 3 | B59: 943 | C59: Социальные выплаты гражданам, кроме публичных нормативных социальных выплат | D59: 10 | E59: 04 | F59: 31 0 00 00000 | G59: 320 | H59: 7139.9 | I59: 7139.9 | J59: 7139.9 | K59: 7139.9
A60: 1 | B60: 943 | C60: Другие вопросы в области социальной политики | D60: 10 | E60: 06 | H60: =SUMIFS(H61:H1094,$B61:$B1094,$B61,$D61:$D1094,$D61,$E61:$E1094,$E61)/2 -> 4674.5 | I60: =SUMIFS(I61:I1094,$B61:$B1094,$B61,$D61:$D1094,$D61,$E61:$E1094,$E61)/2 -> 4674.5 | J60: =SUMIFS(J61:J1094,$B61:$B1094,$B61,$D61:$D1094,$D61,$E61:$E1094,$E61)/2 -> 4674.5 | K60: =SUMIFS(K61:K1094,$B61:$B1094,$B61,$D61:$D1094,$D61,$E61:$E1094,$E61)/2 -> 4674.5
A61: 2 | B61: 943 | C61: МП "Организация деятельности по опеке и попечительству на территории муниципального района Кинельский Самарской области на 2018-2027 годы". | D61: 10 | E61: 06 | F61: 31 0 00 00000 | H61: =SUMIFS(H62:H1094,$B62:$B1094,$B61,$D62:$D1094,$D62,$E62:$E1094,$E62,$F62:$F1094,$F62) -> 4674.5 | I61: =SUMIFS(I62:I1094,$B62:$B1094,$B61,$D62:$D1094,$D62,$E62:$E1094,$E62,$F62:$F1094,$F62) -> 4674.5 | J61: =SUMIFS(J62:J1094,$B62:$B1094,$B61,$D62:$D1094,$D62,$E62:$E1094,$E62,$F62:$F1094,$F62) -> 4674.5 | K61: =SUMIFS(K62:K1094,$B62:$B1094,$B61,$D62:$D1094,$D62,$E62:$E1094,$E62,$F62:$F1094,$F62) -> 4674.5
A62: 3 | B62: 943 | C62: Расходы на выплаты персоналу казённых учреждений | D62: 10 | E62: 06 | F62: 31 0 00 00000 | G62: 110 | H62: 4284.3 | I62: 4284.3 | J62: 4284.3 | K62: 4284.3
A63: 3 | B63: 943 | C63: Иные закупки товаров, работ и услуг для обеспечения государственных (муниципальных) нужд | D63: 10 | E63: 06 | F63: 31 0 00 00000 | G63: 240 | H63: 390.2 | I63: 390.2 | J63: 390.2 | K63: 390.2
A64: 3 | B64: 943 | C64: Уплата налогов, сборов и иных платежей | D64: 10 | E64: 06 | F64: 31 0 00 00000 | G64: 850
A65: 0 | B65: 950 | C65: Комитет по управлению муниципальным имуществом муниципального района Кинельский Самарской области | H65: =SUMIFS(H66:H1136,$B66:$B1136,$B66)/3 -> 95892.7 | I65: =SUMIFS(I66:I1136,$B66:$B1136,$B66)/3 -> 40088.6 | J65: =SUMIFS(J66:J1136,$B66:$B1136,$B66)/3 -> 95236.6 | K65: =SUMIFS(K66:K1136,$B66:$B1136,$B66)/3 -> 39465.3
A66: 1 | B66: 950 | C66: Функционирование Правительства Российской Федерации, высших исполнительных органов государственной власти субъектов Российской Федерации, местных администраций | D66: 01 | E66: 04 | H66: =SUMIFS(H67:H1100,$B67:$B1100,$B67,$D67:$D1100,$D67,$E67:$E1100,$E67)/2 -> 14313.3 | I66: =SUMIFS(I67:I1100,$B67:$B1100,$B67,$D67:$D1100,$D67,$E67:$E1100,$E67)/2 -> 0 | J66: =SUMIFS(J67:J1100,$B67:$B1100,$B67,$D67:$D1100,$D67,$E67:$E1100,$E67)/2 -> 14313.3 | K66: =SUMIFS(K67:K1100,$B67:$B1100,$B67,$D67:$D1100,$D67,$E67:$E1100,$E67)/2 -> 0
A67: 2 | B67: 950 | C67: МП "Развитие и улучшение материально-технического оснащения муниципальных учреждений муниципального района Кинельский" на 2024-2028 годы. | D67: 01 | E67: 04 | F67: 11 0 00 00000 | H67: =SUMIFS(H68:H1100,$B68:$B1100,$B67,$D68:$D1100,$D68,$E68:$E1100,$E68,$F68:$F1100,$F68) -> 701.6 | I67: =SUMIFS(I68:I1100,$B68:$B1100,$B67,$D68:$D1100,$D68,$E68:$E1100,$E68,$F68:$F1100,$F68) -> 0 | J67: =SUMIFS(J68:J1100,$B68:$B1100,$B67,$D68:$D1100,$D68,$E68:$E1100,$E68,$F68:$F1100,$F68) -> 701.6 | K67: =SUMIFS(K68:K1100,$B68:$B1100,$B67,$D68:$D1100,$D68,$E68:$E1100,$E68,$F68:$F1100,$F68) -> 0
A68: 3 | B68: 950 | C68: Иные закупки товаров, работ и услуг для обеспечения государственных (муниципальных) нужд | D68: 01 | E68: 04 | F68: 11 0 00 00000 | G68: 240 | H68: 701.6 | J68: 701.6
A69: 2 | B69: 950 | C69: МП "Развитие муниципальной службы в органах местного самоуправления муниципального района Кинельский Самарской области" на 2022-2028 г | D69: 01 | E69: 04 | F69: 16 0 00 00000 | H69: =SUMIFS(H70:H1102,$B70:$B1102,$B69,$D70:$D1102,$D70,$E70:$E1102,$E70,$F70:$F1102,$F70) -> 40.5 | I69: =SUMIFS(I70:I1102,$B70:$B1102,$B69,$D70:$D1102,$D70,$E70:$E1102,$E70,$F70:$F1102,$F70) -> 0 | J69: =SUMIFS(J70:J1102,$B70:$B1102,$B69,$D70:$D1102,$D70,$E70:$E1102,$E70,$F70:$F1102,$F70) -> 40.5 | K69: =SUMIFS(K70:K1102,$B70:$B1102,$B69,$D70:$D1102,$D70,$E70:$E1102,$E70,$F70:$F1102,$F70) -> 0
A70: 3 | B70: 950 | C70: Иные закупки товаров, работ и услуг для обеспечения государственных (муниципальных) нужд | D70: 01 | E70: 04 | F70: 16 0 00 00000 | G70: 240 | H70: 40.5 | J70: 40.5
A71: 2 | B71: 950 | C71: Непрограммные направления расходов в сфере установленных функций органов государственной власти субъектов Российской Федерации и органов местного самоуправления | D71: 01 | E71: 04 | F71: 51 0 00 00000 | H71: =SUMIFS(H72:H1104,$B72:$B1104,$B71,$D72:$D1104,$D72,$E72:$E1104,$E72,$F72:$F1104,$F72) -> 13571.2 | I71: =SUMIFS(I72:I1104,$B72:$B1104,$B71,$D72:$D1104,$D72,$E72:$E1104,$E72,$F72:$F1104,$F72) -> 0 | J71: =SUMIFS(J72:J1104,$B72:$B1104,$B71,$D72:$D1104,$D72,$E72:$E1104,$E72,$F72:$F1104,$F72) -> 13571.2 | K71: =SUMIFS(K72:K1104,$B72:$B1104,$B71,$D72:$D1104,$D72,$E72:$E1104,$E72,$F72:$F1104,$F72) -> 0
A72: 3 | B72: 950 | C72: Расходы на выплаты персоналу государственных (муниципальных) органов | D72: 01 | E72: 04 | F72: 51 0 00 00000 | G72: 120 | H72: 13101.5 | J72: 13101.5
A73: 3 | B73: 950 | C73: Иные закупки товаров, работ и услуг для обеспечения государственных (муниципальных) нужд | D73: 01 | E73: 04 | F73: 51 0 00 00000 | G73: 240 | H73: 468.2 | J73: 468.2
A74: 3 | B74: 950 | C74: Исполнение судебных актов | D74: 01 | E74: 04 | F74: 51 0 00 00000 | G74: 830
A75: 3 | B75: 950 | C75: Уплата налогов, сборов и иных платежей | D75: 01 | E75: 04 | F75: 51 0 00 00000 | G75: 850 | H75: 1.5 | J75: 1.5
A76: 1 | B76: 950 | C76: Другие общегосударственные вопросы | D76: 01 | E76: 13 | H76: =SUMIFS(H77:H1110,$B77:$B1110,$B77,$D77:$D1110,$D77,$E77:$E1110,$E77)/2 -> 0 | I76: =SUMIFS(I77:I1110,$B77:$B1110,$B77,$D77:$D1110,$D77,$E77:$E1110,$E77)/2 -> 0 | J76: =SUMIFS(J77:J1110,$B77:$B1110,$B77,$D77:$D1110,$D77,$E77:$E1110,$E77)/2 -> 0 | K76: =SUMIFS(K77:K1110,$B77:$B1110,$B77,$D77:$D1110,$D77,$E77:$E1110,$E77)/2 -> 0
A77: 2 | B77: 950 | C77: Непрограммные направления расходов местного бюджета в области общегосударственных вопросов | D77: 01 | E77: 13 | F77: 57 0 00 00000 | H77: =SUMIFS(H78:H1110,$B78:$B1110,$B77,$D78:$D1110,$D78,$E78:$E1110,$E78,$F78:$F1110,$F78) -> 0 | I77: =SUMIFS(I78:I1110,$B78:$B1110,$B77,$D78:$D1110,$D78,$E78:$E1110,$E78,$F78:$F1110,$F78) -> 0 | J77: =SUMIFS(J78:J1110,$B78:$B1110,$B77,$D78:$D1110,$D78,$E78:$E1110,$E78,$F78:$F1110,$F78) -> 0 | K77: =SUMIFS(K78:K1110,$B78:$B1110,$B77,$D78:$D1110,$D78,$E78:$E1110,$E78,$F78:$F1110,$F78) -> 0
A78: 3 | B78: 950 | C78: Исполнение судебных актов | D78: 01 | E78: 13 | F78: 57 0 00 00000 | G78: 830
A79: 1 | B79: 950 | C79: Защита населения и территории от чрезвычайных ситуаций природного и техногенного характера, пожарная безопасность | D79: 03 | E79: 10 | H79: =SUMIFS(H80:H1113,$B80:$B1113,$B80,$D80:$D1113,$D80,$E80:$E1113,$E80)/2 -> 1251 | I79: =SUMIFS(I80:I1113,$B80:$B1113,$B80,$D80:$D1113,$D80,$E80:$E1113,$E80)/2 -> 0 | J79: =SUMIFS(J80:J1113,$B80:$B1113,$B80,$D80:$D1113,$D80,$E80:$E1113,$E80)/2 -> 1251 | K79: =SUMIFS(K80:K1113,$B80:$B1113,$B80,$D80:$D1113,$D80,$E80:$E1113,$E80)/2 -> 0
A80: 2 | B80: 950 | C80: МП "Управление муниципальным имуществом, земельными ресурсами и содержание имущества казны в муниципальном районе Кинельский Самарской области на 2026-2035 годы" | D80: 03 | E80: 10 | F80: 33 0 00 00000 | H80: =SUMIFS(H81:H1113,$B81:$B1113,$B80,$D81:$D1113,$D81,$E81:$E1113,$E81,$F81:$F1113,$F81) -> 1251 | I80: =SUMIFS(I81:I1113,$B81:$B1113,$B80,$D81:$D1113,$D81,$E81:$E1113,$E81,$F81:$F1113,$F81) -> 0 | J80: =SUMIFS(J81:J1113,$B81:$B1113,$B80,$D81:$D1113,$D81,$E81:$E1113,$E81,$F81:$F1113,$F81) -> 1251 | K80: =SUMIFS(K81:K1113,$B81:$B1113,$B80,$D81:$D1113,$D81,$E81:$E1113,$E81,$F81:$F1113,$F81) -> 0
A81: 3 | B81: 950 | C81: Иные закупки товаров, работ и услуг для обеспечения государственных (муниципальных) нужд | D81: 03 | E81: 10 | F81: 33 0 00 00000 | G81: 240 | H81: 1251 | J81: 1251
A82: 1 | B82: 950 | C82: Другие вопросы в области национальной экономики | D82: 04 | E82: 12 | H82: =SUMIFS(H83:H1116,$B83:$B1116,$B83,$D83:$D1116,$D83,$E83:$E1116,$E83)/2 -> 467.2 | I82: =SUMIFS(I83:I1116,$B83:$B1116,$B83,$D83:$D1116,$D83,$E83:$E1116,$E83)/2 -> 75.9 | J82: =SUMIFS(J83:J1116,$B83:$B1116,$B83,$D83:$D1116,$D83,$E83:$E1116,$E83)/2 -> 467.2 | K82: =SUMIFS(K83:K1116,$B83:$B1116,$B83,$D83:$D1116,$D83,$E83:$E1116,$E83)/2 -> 75.9
A83: 2 | B83: 950 | C83: МП "Управление муниципальным имуществом, земельными ресурсами и содержание имущества казны в муниципальном районе Кинельский Самарской области на 2026-2035 годы" | D83: 04 | E83: 12 | F83: 33 0 00 00000 | H83: =SUMIFS(H84:H1116,$B84:$B1116,$B83,$D84:$D1116,$D84,$E84:$E1116,$E84,$F84:$F1116,$F84) -> 467.2 | I83: =SUMIFS(I84:I1116,$B84:$B1116,$B83,$D84:$D1116,$D84,$E84:$E1116,$E84,$F84:$F1116,$F84) -> 75.9 | J83: =SUMIFS(J84:J1116,$B84:$B1116,$B83,$D84:$D1116,$D84,$E84:$E1116,$E84,$F84:$F1116,$F84) -> 467.2 | K83: =SUMIFS(K84:K1116,$B84:$B1116,$B83,$D84:$D1116,$D84,$E84:$E1116,$E84,$F84:$F1116,$F84) -> 75.9
A84: 3 | B84: 950 | C84: Иные закупки товаров, работ и услуг для обеспечения государственных (муниципальных) нужд | D84: 04 | E84: 12 | F84: 33 0 00 00000 | G84: 240 | H84: 467.2 | I84: 75.9 | J84: 467.2 | K84: 75.9
A85: 1 | B85: 950 | C85: Жилищное хозяйство | D85: 05 | E85: 01 | H85: =SUMIFS(H86:H1119,$B86:$B1119,$B86,$D86:$D1119,$D86,$E86:$E1119,$E86)/2 -> 7349.8 | I85: =SUMIFS(I86:I1119,$B86:$B1119,$B86,$D86:$D1119,$D86,$E86:$E1119,$E86)/2 -> 6450.3 | J85: =SUMIFS(J86:J1119,$B86:$B1119,$B86,$D86:$D1119,$D86,$E86:$E1119,$E86)/2 -> 6693.7 | K85: =SUMIFS(K86:K1119,$B86:$B1119,$B86,$D86:$D1119,$D86,$E86:$E1119,$E86)/2 -> 5827
A86: 2 | B86: 950 | C86: МП «Переселение граждан из аварийного жилищного фонда, признанного таковым в период с 1 января 2017 года до 1 января 2022 года» на территории муниципального района Кинельский Самарской области на 2025-2029 годы. | D86: 05 | E86: 01 | F86: 18 0 00 00000 | H86: =SUMIFS(H87:H1119,$B87:$B1119,$B86,$D87:$D1119,$D87,$E87:$E1119,$E87,$F87:$F1119,$F87) -> 6789.8 | I86: =SUMIFS(I87:I1119,$B87:$B1119,$B86,$D87:$D1119,$D87,$E87:$E1119,$E87,$F87:$F1119,$F87) -> 6450.3 | J86: =SUMIFS(J87:J1119,$B87:$B1119,$B86,$D87:$D1119,$D87,$E87:$E1119,$E87,$F87:$F1119,$F87) -> 6133.7 | K86: =SUMIFS(K87:K1119,$B87:$B1119,$B86,$D87:$D1119,$D87,$E87:$E1119,$E87,$F87:$F1119,$F87) -> 5827
A87: 3 | B87: 950 | C87: Иные выплаты населению | D87: 05 | E87: 01 | F87: 18 0 00 00000 | G87: 360
A88: 3 | B88: 950 | C88: Бюджетные инвестиции | D88: 05 | E88: 01 | F88: 18 0 00 00000 | G88: 410 | H88: 6789.8 | I88: 6450.3 | J88: 6133.7 | K88: 5827
A89: 2 | B89: 950 | C89: МП "Управление муниципальным имуществом, земельными ресурсами и содержание имущества казны в муниципальном районе Кинельский Самарской области на 2026-2035 годы" | D89: 05 | E89: 01 | F89: 33 0 00 00000 | H89: =SUMIFS(H90:H1122,$B90:$B1122,$B89,$D90:$D1122,$D90,$E90:$E1122,$E90,$F90:$F1122,$F90) -> 530 | I89: =SUMIFS(I90:I1122,$B90:$B1122,$B89,$D90:$D1122,$D90,$E90:$E1122,$E90,$F90:$F1122,$F90) -> 0 | J89: =SUMIFS(J90:J1122,$B90:$B1122,$B89,$D90:$D1122,$D90,$E90:$E1122,$E90,$F90:$F1122,$F90) -> 530 | K89: =SUMIFS(K90:K1122,$B90:$B1122,$B89,$D90:$D1122,$D90,$E90:$E1122,$E90,$F90:$F1122,$F90) -> 0
A90: 3 | B90: 950 | C90: Иные закупки товаров, работ и услуг для обеспечения государственных (муниципальных) нужд | D90: 05 | E90: 01 | F90: 33 0 00 00000 | G90: 240 | H90: 530 | J90: 530
A91: 2 | B91: 950 | C91: МП "Создание условий для оказания медицинской помощи населению муниципального района Кинельский Самарской области на 2021 - 2028 годы" | D91: 05 | E91: 01 | F91: 44 0 00 00000 | H91: =SUMIFS(H92:H1124,$B92:$B1124,$B91,$D92:$D1124,$D92,$E92:$E1124,$E92,$F92:$F1124,$F92) -> 30 | I91: =SUMIFS(I92:I1124,$B92:$B1124,$B91,$D92:$D1124,$D92,$E92:$E1124,$E92,$F92:$F1124,$F92) -> 0 | J91: =SUMIFS(J92:J1124,$B92:$B1124,$B91,$D92:$D1124,$D92,$E92:$E1124,$E92,$F92:$F1124,$F92) -> 30 | K91: =SUMIFS(K92:K1124,$B92:$B1124,$B91,$D92:$D1124,$D92,$E92:$E1124,$E92,$F92:$F1124,$F92) -> 0
A92: 3 | B92: 950 | C92: Иные закупки товаров, работ и услуг для обеспечения государственных (муниципальных) нужд | D92: 05 | E92: 01 | F92: 44 0 00 00000 | G92: 240 | H92: 30 | J92: 30
A93: 1 | B93: 950 | C93: Общее образование | D93: 07 | E93: 02 | H93: =SUMIFS(H94:H1127,$B94:$B1127,$B94,$D94:$D1127,$D94,$E94:$E1127,$E94)/2 -> 55351.8 | I93: =SUMIFS(I94:I1127,$B94:$B1127,$B94,$D94:$D1127,$D94,$E94:$E1127,$E94)/2 -> 16402.8 | J93: =SUMIFS(J94:J1127,$B94:$B1127,$B94,$D94:$D1127,$D94,$E94:$E1127,$E94)/2 -> 55351.8 | K93: =SUMIFS(K94:K1127,$B94:$B1127,$B94,$D94:$D1127,$D94,$E94:$E1127,$E94)/2 -> 16402.8
A94: 2 | B94: 950 | C94: МП «Противодействие экстремизму и профилактика терроризма на территории муниципального района Кинельский на 2024-2030 гг.» | D94: 07 | E94: 02 | F94: 12 0 00 00000 | H94: =SUMIFS(H95:H1127,$B95:$B1127,$B94,$D95:$D1127,$D95,$E95:$E1127,$E95,$F95:$F1127,$F95) -> 280 | I94: =SUMIFS(I95:I1127,$B95:$B1127,$B94,$D95:$D1127,$D95,$E95:$E1127,$E95,$F95:$F1127,$F95) -> 0 | J94: =SUMIFS(J95:J1127,$B95:$B1127,$B94,$D95:$D1127,$D95,$E95:$E1127,$E95,$F95:$F1127,$F95) -> 280 | K94: =SUMIFS(K95:K1127,$B95:$B1127,$B94,$D95:$D1127,$D95,$E95:$E1127,$E95,$F95:$F1127,$F95) -> 0
A95: 3 | B95: 950 | C95: Иные закупки товаров, работ и услуг для обеспечения государственных (муниципальных) нужд | D95: 07 | E95: 02 | F95: 12 0 00 00000 | G95: 240 | H95: 280 | J95: 280
A96: 2 | B96: 950 | C96: МП «Ремонт, строительство, реконструкция и оборудование зданий школ и детских садов, расположенных на территории муниципального района Кинельский» на 2022-2028 годы. | D96: 07 | E96: 02 | F96: 14 0 00 00000 | H96: =SUMIFS(H97:H1129,$B97:$B1129,$B96,$D97:$D1129,$D97,$E97:$E1129,$E97,$F97:$F1129,$F97) -> 16672.2 | I96: =SUMIFS(I97:I1129,$B97:$B1129,$B96,$D97:$D1129,$D97,$E97:$E1129,$E97,$F97:$F1129,$F97) -> 16402.8 | J96: =SUMIFS(J97:J1129,$B97:$B1129,$B96,$D97:$D1129,$D97,$E97:$E1129,$E97,$F97:$F1129,$F97) -> 16672.2 | K96: =SUMIFS(K97:K1129,$B97:$B1129,$B96,$D97:$D1129,$D97,$E97:$E1129,$E97,$F97:$F1129,$F97) -> 16402.8
A97: 3 | B97: 950 | C97: Иные закупки товаров, работ и услуг для обеспечения государственных (муниципальных) нужд | D97: 07 | E97: 02 | F97: 14 0 00 00000 | G97: 240 | H97: 16672.2 | I97: 16402.8 | J97: 16672.2 | K97: 16402.8
A98: 2 | B98: 950 | C98: МП "Управление муниципальным имуществом, земельными ресурсами и содержание имущества казны в муниципальном районе Кинельский Самарской области на 2026-2035 годы" | D98: 07 | E98: 02 | F98: 33 0 00 00000 | H98: =SUMIFS(H99:H1131,$B99:$B1131,$B98,$D99:$D1131,$D99,$E99:$E1131,$E99,$F99:$F1131,$F99) -> 35895.4 | I98: =SUMIFS(I99:I1131,$B99:$B1131,$B98,$D99:$D1131,$D99,$E99:$E1131,$E99,$F99:$F1131,$F99) -> 0 | J98: =SUMIFS(J99:J1131,$B99:$B1131,$B98,$D99:$D1131,$D99,$E99:$E1131,$E99,$F99:$F1131,$F99) -> 35955.5 | K98: =SUMIFS(K99:K1131,$B99:$B1131,$B98,$D99:$D1131,$D99,$E99:$E1131,$E99,$F99:$F1131,$F99) -> 0
A99: 3 | B99: 950 | C99: Иные закупки товаров, работ и услуг для обеспечения государственных (муниципальных) нужд | D99: 07 | E99: 02 | F99: 33 0 00 00000 | G99: 240 | H99: 35895.4 | J99: 35955.5
A100: 2 | B100: 950 | C100: МП "Поддержка местных инициатив в муниципальном районе Кинельский Самарской области на 2021-2028 годы" | D100: 07 | E100: 02 | F100: 42 0 00 00000 | H100: =SUMIFS(H101:H1133,$B101:$B1133,$B100,$D101:$D1133,$D101,$E101:$E1133,$E101,$F101:$F1133,$F101) -> 2504.2 | I100: =SUMIFS(I101:I1133,$B101:$B1133,$B100,$D101:$D1133,$D101,$E101:$E1133,$E101,$F101:$F1133,$F101) -> 0 | J100: =SUMIFS(J101:J1133,$B101:$B1133,$B100,$D101:$D1133,$D101,$E101:$E1133,$E101,$F101:$F1133,$F101) -> 2444.1 | K100: =SUMIFS(K101:K1133,$B101:$B1133,$B100,$D101:$D1133,$D101,$E101:$E1133,$E101,$F101:$F1133,$F101) -> 0
A101: 3 | B101: 950 | C101: Иные закупки товаров, работ и услуг для обеспечения государственных (муниципальных) нужд | D101: 07 | E101: 02 | F101: 42 0 00 00000 | G101: 240 | H101: 2504.2 | J101: 2444.1
A102: 1 | B102: 950 | C102: Охрана семьи и детства | D102: 10 | E102: 04 | H102: =SUMIFS(H103:H1136,$B103:$B1136,$B103,$D103:$D1136,$D103,$E103:$E1136,$E103)/2 -> 17159.6 | I102: =SUMIFS(I103:I1136,$B103:$B1136,$B103,$D103:$D1136,$D103,$E103:$E1136,$E103)/2 -> 17159.6 | J102: =SUMIFS(J103:J1136,$B103:$B1136,$B103,$D103:$D1136,$D103,$E103:$E1136,$E103)/2 -> 17159.6 | K102: =SUMIFS(K103:K1136,$B103:$B1136,$B103,$D103:$D1136,$D103,$E103:$E1136,$E103)/2 -> 17159.6
A103: 2 | B103: 950 | C103: МП "Обеспечение жилыми помещениями детей-сирот и детей, оставшихся без попечения родителей, лиц из числа детей-сирот и детей, оставшихся без попечения родителей" в муниципальном районе Кинельский на 2026-2035 годы. | D103: 10 | E103: 04 | F103: 35 0 00 00000 | H103: =SUMIFS(H104:H1136,$B104:$B1136,$B103,$D104:$D1136,$D104,$E104:$E1136,$E104,$F104:$F1136,$F104) -> 17159.6 | I103: =SUMIFS(I104:I1136,$B104:$B1136,$B103,$D104:$D1136,$D104,$E104:$E1136,$E104,$F104:$F1136,$F104) -> 17159.6 | J103: =SUMIFS(J104:J1136,$B104:$B1136,$B103,$D104:$D1136,$D104,$E104:$E1136,$E104,$F104:$F1136,$F104) -> 17159.6 | K103: =SUMIFS(K104:K1136,$B104:$B1136,$B103,$D104:$D1136,$D104,$E104:$E1136,$E104,$F104:$F1136,$F104) -> 17159.6
A104: 3 | B104: 950 | C104: Бюджетные инвестиции | D104: 10 | E104: 04 | F104: 35 0 00 00000 | G104: 410 | H104: 17159.6 | I104: 17159.6 | J104: 17159.6 | K104: 17159.6
A105: 0 | B105: 955 | C105: Администрация муниципального района Кинельский | H105: =SUMIFS(H106:H1179,$B106:$B1179,$B106)/3 -> 1070732.9 | I105: =SUMIFS(I106:I1179,$B106:$B1179,$B106)/3 -> 412067.8 | J105: =SUMIFS(J106:J1179,$B106:$B1179,$B106)/3 -> 1042570.2 | K105: =SUMIFS(K106:K1179,$B106:$B1179,$B106)/3 -> 385091.4
A106: 1 | B106: 955 | C106: Функционирование высшего должностного лица субъекта Российской Федерации и муниципального образования | D106: 01 | E106: 02 | H106: =SUMIFS(H107:H1140,$B107:$B1140,$B107,$D107:$D1140,$D107,$E107:$E1140,$E107)/2 -> 4988 | I106: =SUMIFS(I107:I1140,$B107:$B1140,$B107,$D107:$D1140,$D107,$E107:$E1140,$E107)/2 -> 0 | J106: =SUMIFS(J107:J1140,$B107:$B1140,$B107,$D107:$D1140,$D107,$E107:$E1140,$E107)/2 -> 4988 | K106: =SUMIFS(K107:K1140,$B107:$B1140,$B107,$D107:$D1140,$D107,$E107:$E1140,$E107)/2 -> 0
A107: 2 | B107: 955 | C107: Непрограммные направления расходов в сфере установленных функций органов государственной власти субъектов Российской Федерации и органов местного самоуправления | D107: 01 | E107: 02 | F107: 51 0 00 00000 | H107: =SUMIFS(H108:H1140,$B108:$B1140,$B107,$D108:$D1140,$D108,$E108:$E1140,$E108,$F108:$F1140,$F108) -> 4988 | I107: =SUMIFS(I108:I1140,$B108:$B1140,$B107,$D108:$D1140,$D108,$E108:$E1140,$E108,$F108:$F1140,$F108) -> 0 | J107: =SUMIFS(J108:J1140,$B108:$B1140,$B107,$D108:$D1140,$D108,$E108:$E1140,$E108,$F108:$F1140,$F108) -> 4988 | K107: =SUMIFS(K108:K1140,$B108:$B1140,$B107,$D108:$D1140,$D108,$E108:$E1140,$E108,$F108:$F1140,$F108) -> 0
A108: 3 | B108: 955 | C108: Расходы на выплаты персоналу государственных (муниципальных) органов | D108: 01 | E108: 02 | F108: 51 0 00 00000 | G108: 120 | H108: 4988 | J108: 4988
...

Sheet КС
B3: Уровень бюджета | C3: КБК | D3: Сумма, тыс. рублей | F3: Уточнённая сумма, тыс. рублей
D7: Всего | E7: В том числе за счет безвозмезд- ных поступлений | F7: Всего | G7: В том числе за счет безвозмезд- ных поступлений
B11: 0 | C11: КВСР | D11: =SUMIF('Приложение №4'!$A$14:$A1066,0,'Приложение №4'!$H$14:$H1066) -> 1274437.6 | E11: =SUMIF('Приложение №4'!$A$14:$A1066,0,'Приложение №4'!$I$14:$I1066) -> 466108.8 | F11: =SUMIF('Приложение №4'!$A$14:$A1066,0,'Приложение №4'!#REF!) -> #REF! | G11: =SUMIF('Приложение №4'!$A$14:$A1066,0,'Приложение №4'!#REF!) -> #REF!
B12: 1 | C12: ФКР | D12: =SUMIF('Приложение №4'!$A$14:$A1067,1,'Приложение №4'!$H$14:$H1067) -> 1274437.6 | E12: =SUMIF('Приложение №4'!$A$14:$A1067,1,'Приложение №4'!$I$14:$I1067) -> 466108.8 | F12: =SUMIF('Приложение №4'!$A$14:$A1067,1,'Приложение №4'!#REF!) -> #REF! | G12: =SUMIF('Приложение №4'!$A$14:$A1067,1,'Приложение №4'!#REF!) -> #REF!
B13: 2 | C13: КЦСР | D13: =SUMIF('Приложение №4'!$A$14:$A1068,2,'Приложение №4'!$H$14:$H1068) -> 1274437.6 | E13: =SUMIF('Приложение №4'!$A$14:$A1068,2,'Приложение №4'!$I$14:$I1068) -> 466108.8 | F13: =SUMIF('Приложение №4'!$A$14:$A1068,2,'Приложение №4'!#REF!) -> #REF! | G13: =SUMIF('Приложение №4'!$A$14:$A1068,2,'Приложение №4'!#REF!) -> #REF!
B14: 3 = ИТОГ | C14: КВР | D14: =SUMIF('Приложение №4'!$A$14:$A1069,3,'Приложение №4'!$H$14:$H1069) -> 1274437.6 | E14: =SUMIF('Приложение №4'!$A$14:$A1069,3,'Приложение №4'!$I$14:$I1069) -> 466108.8 | F14: =SUMIF('Приложение №4'!$A$14:$A1069,3,'Приложение №4'!#REF!) -> #REF! | G14: =SUMIF('Приложение №4'!$A$14:$A1069,3,'Приложение №4'!#REF!) -> #REF!
B15: 0 | C15: КВСР | D15: =D14-D11 -> 0 | E15: =E14-E11 -> 0 | F15: =F14-F11 -> #REF! | G15: =G14-G11 -> #REF!
B16: 1 | C16: ФКР | D16: =D14-D12 -> 0 | E16: =E14-E12 -> 0 | F16: =F14-F12 -> #REF! | G16: =G14-G12 -> #REF!
B17: 2 | C17: КЦСР | D17: =D14-D13 -> 0 | E17: =E14-E13 -> 0 | F17: =F14-F13 -> #REF! | G17: =G14-G13 -> #REF!
